 Dungeon Crawl Stone Soup version 0.21.0-3-g78d12a8 (webtiles) character file.

11927 Miyamura the Fighter (level 11, -4/86 HPs)
             Began as a Demonspawn Wanderer on Jan 14, 2018.
             Was a Believer of Kikubaaqudgha.
             Slain by a hornet (9 damage)
             ... on level 10 of the Dungeon on Jan 15, 2018.
             The game lasted 00:54:32 (17591 turns).

Miyamura the Fighter (Demonspawn Wanderer)         Turns: 17591, Time: 00:54:32

Health: -4/86      AC:  6    Str: 13    XL:     11   Next: 55%
Magic:  19/22      EV: 17    Int: 17    God:    Kikubaaqudgha [**....]
Gold:   520        SH:  5    Dex: 17    Spells: 17/25 levels left

rFire    . . .     SeeInvis +   t - +1 short sword (elec)
rCold    . . .     Gourm    .   v - +0 buckler
rNeg     . . .     Faith    .   r - +2 robe
rPois    .         Spirit   .   (no helmet)
rElec    .         Reflect  .   (no cloak)
rCorr    .         Harm     .   (no gloves)
MR       .....                  g - +1 pair of boots
Stlth    +++.......             z - amulet of magic regeneration
HPRegen  0.24/turn              o - +5 ring of dexterity
MPRegen  0.43/turn              (no ring)

@: lethally poisoned (-4 -> -6), slowed, very slow
A: claws 2, hooves 2, see invisible, screaming 1, spiny 1
a: Receive Corpses, Renounce Religion


You were on level 10 of the Dungeon.
You worshipped Kikubaaqudgha.
Kikubaaqudgha was pleased with you.
You were not hungry.

You visited 2 branches of the dungeon, and saw 11 of its levels.

You collected 520 gold pieces.

Inventory:

Hand Weapons
 k - a +3 scimitar of flaming
 m - a +2 dagger of draining
 t - a +1 short sword of electrocution (weapon)
Armour
 g - a +1 pair of boots (worn)
 r - a +2 robe (worn)
 v - a +0 buckler (worn)
Magical Staves
 s - an uncursed staff of power
Jewellery
 j - a +3 ring of strength
 o - a +5 ring of dexterity (left claw)
 z - an amulet of magic regeneration (around neck)
 C - an uncursed ring of ice
Wands
 e - a wand of flame (48)
Scrolls
 h - 2 scrolls of immolation
 l - 10 scrolls of remove curse
 n - a scroll of fog
 u - a scroll of identify
 x - 2 scrolls of enchant weapon
 E - a scroll of fear
Potions
 d - a potion of magic
 i - a potion of mutation
 p - 2 potions of cancellation
 B - a potion of might
 D - a potion of flight
Books
 a - a book of Minor Magic

   Spells                             Type                      Level
   a - Magic Dart                     Conjuration                  1
   b - Blink                          Translocation                2
   c - Call Imp                       Summoning                    2
   d - Slow                           Hexes                        2
   e - Conjure Flame                  Conjuration/Fire             3
   f - Mephitic Cloud                 Conjuration/Poison/Air       3
 b - Sushovu's Papyrus of Dark Secrets

   Spells                             Type                      Level
   a - Corpse Rot                     Necromancy                   2
   b - Sublimation of Blood           Necromancy                   2
 c - the Incunabulum of Arcane Weapons

   Spells                             Type                      Level
   a - Throw Frost                    Conjuration/Ice              2
   b - Throw Flame                    Conjuration/Fire             2
 A - Kikubaaqudgha's Incunabulum of Stolen Souls
   (Kikubaaqudgha gifted it to you on level 8 of the Dungeon)

   Spells                             Type                      Level
   a - Animate Skeleton               Necromancy                   1
   b - Pain                           Necromancy                   1
   c - Sublimation of Blood           Necromancy                   2
   d - Regeneration                   Charms/Necromancy            3
 G - a book of Maledictions

   Spells                             Type                      Level
   a - Corona                         Hexes                        1
   b - Ensorcelled Hibernation        Hexes/Ice                    2
   c - Confuse                        Hexes                        3
   d - Tukima's Dance                 Hexes                        3
   e - Dazzling Spray                 Conjuration/Hexes            3
Comestibles
 f - 9 rations
 w - 4 chunks of flesh


   Skills:
 + Level 8.1 Fighting
 - Level 1.0 Throwing
 + Level 7.4 Dodging
 - Level 4.0 Stealth
 - Level 4.5 Shields
 + Level 6.7 Unarmed Combat
 + Level 7.8 Spellcasting
 - Level 4.0 Conjurations
 + Level 8.0 Summonings
   Level 1.7 Earth Magic


You had 17 spell levels left.
You knew the following spells:

 Your Spells              Type           Power        Failure   Level  Hunger
b - Blink                 Tloc           N/A          16%         2    None
c - Call Imp              Summ           ####....     1%          2    None
d - Magic Dart            Conj           ###.         1%          1    None
r - Regeneration          Chrm/Necr      #.........   32%         3    #......


Dungeon Overview and Level Annotations

Branches:
Dungeon (10/15)            Temple (1/1) D:7
   Lair: D:8-11         Orc: D:9-12

Altars:
Ashenzari
Cheibriados
Dithmenos
Elyvilon
Fedhas
Gozag
Hepliaklqana
Kikubaaqudgha
Makhleb
Nemelex Xobeh
Okawaru
Qazlal
Ru
Sif Muna
Trog
Uskayaw
Vehumet
Wu Jian
Xom
Yredelemnul
Zin
The Shining One

Annotations:
D:6 exclusion: downstairs


Innate Abilities, Weirdness & Mutations

You have very sharp fingernails.
You have hoof-like feet.
You are partially covered in sharp spines.
You have supernaturally acute eyesight. (SInv)
You occasionally shout uncontrollably at your foes.


Message History

The hornet stings you!
* * * LOW HITPOINT WARNING * * *
You feel as though you will be slow longer.
Unknown command.
Casting: Call Imp
Confirm with . or Enter, or press ? or * to list all spells.
You blink.
You feel sick.
Evoke which item? (* to show all) (? for menu, Esc to quit)
Aiming: Throw Flame
Press: ? - help, Shift-Dir - straight line, f - hornet
Aim: a hornet (almost dead)
The puff of flame misses the hornet.
You feel sick. The hornet barely misses you.
Casting: Blink
Confirm with . or Enter, or press ? or * to list all spells.
You blink.
You feel sick. The hornet stings you!
You die...
Kikubaaqudgha rasps: "You have failed me!
Welcome... death!"

.......))........
<................
#########........ .
#.########
..#############.........
........................
......................##
...........5.#######..#
.......@........ ...
........y........ ..
########ยง.......... .
#...######## #......
......... #########


You could see a hornet and a friendly crimson imp.

Vanquished Creatures
  2 two-headed ogres (D:8)
  Erica (D:9)
  The ghost of MirrMurr the Cleaver, a novice DDFi of Makhleb (D:8)
  Pikel (D:7)
  Joseph (D:7)
  A troll (D:8)
  Prince Ribbit (D:8)
  8 yaks
  A human (D:8)
  2 hungry ghosts (D:7)
  Menkaure (D:5)
  Edmund (D:4)
  2 orc warriors
  2 eyes of draining
  2 phantoms
  A necrophage (D:7)
  3 ogres
  A centaur (D:8)
  2 big kobolds (D:8)
  2 bullfrogs
  A water moccasin zombie (D:4)
  8 killer bees
  A howler monkey (D:8)
  6 wights
  A vampire bat (D:4)
  2 crimson imps (D:6)
  2 bullfrog zombies
  A centaur zombie (D:4)
  A gnoll shaman (D:6)
  3 hounds
  A jelly (D:8)
  3 orc priests
  A centaur skeleton (D:9)
  Jessica (D:2)
  4 iguanas
  8 orc wizards
  4 worker ants
  A killer bee zombie (D:9)
  A hound zombie (D:10)
  A hound skeleton (D:4)
  2 worker ant zombies (D:4)
  A howler monkey zombie (D:7)
  5 adders
  6 gnolls
  A howler monkey skeleton (D:4)
  A shadow imp (D:6)
  2 adder zombies
  2 adder skeletons (D:4)
  A dart slug (D:2)
  5 leopard geckos
  39 orcs
  A ball python (D:2)
  5 giant cockroaches
  7 goblins
  5 hobgoblins
  2 quokkas (D:3)
  11 bats
  7 frilled lizards
  A giant cockroach zombie (D:4)
  16 kobolds
  A leopard gecko zombie (D:4)
  2 quokka skeletons
  9 rats
219 creatures vanquished.

Vanquished Creatures (collateral kills)
  Sigmund (D:1)
  An orc warrior (D:5)
  A black bear (D:6)
  3 ogres (D:7)
  A centaur (D:5)
  A scorpion (D:9)
  2 killer bees (D:7)
  A vampire bat (D:4)
  A howler monkey (D:4)
  A centaur zombie (D:4)
  A centaur skeleton (D:4)
  3 orc priests
  A jelly (D:5)
  A worker ant (D:4)
  An iguana (D:4)
  3 gnolls
  An adder (D:4)
  7 orcs
  4 bats (D:4)
35 creatures vanquished.

Vanquished Creatures (others)
  An orc wizard (D:7)
  A bush (D:8)
2 creatures vanquished.

Grand Total: 256 creatures vanquished

Notes
Turn   | Place    | Note
-------+----------+-------------------------------------------
     0 | D:1      | Miyamura the Demonspawn Wanderer began the quest for the Orb.
     0 | D:1      | Miyamura set off with: a book of Minor Magic, Sushovu's Papyrus of Dark Secrets, the Incunabulum of Arcane Weapons, a +0 robe, a +0 club, a ration
     0 | D:1      | Reached XP level 1. HP: 13/13 MP: 3/3
     0 | D:1      | Identified Sushovu's Papyrus of Dark Secrets
     0 | D:1      | Identified the Incunabulum of Arcane Weapons
     2 | D:1      | Learned a level 1 spell: Magic Dart
   743 | D:1      | Gained mutation: You have large cloven feet. [demonic ancestry]
   743 | D:1      | Reached XP level 2. HP: 20/20 MP: 1/5
  1290 | D:1      | Reached skill level 1 in Fighting
  1392 | D:1      | Reached skill level 1 in Dodging
  1392 | D:1      | Reached XP level 3. HP: 26/26 MP: 3/6
  1829 | D:1      | Learned a level 2 spell: Blink
  1832 | D:1      | Learned a level 2 spell: Call Imp
  1833 | D:2      | Noticed Jessica
  2200 | D:2      | Noticed Sigmund
  2840 | D:2      | Killed Jessica
  2840 | D:2      | Reached XP level 4. HP: 26/32 MP: 1/7
  3088 | D:2      | Found an iron altar of Okawaru.
  3619 | D:3      | Reached skill level 1 in Summonings
  4551 | D:3      | Gained mutation: You have sharp fingernails. [demonic ancestry]
  4551 | D:3      | Reached XP level 5. HP: 38/38 MP: 2/9
  5139 | D:3      | Found a faded altar of an unknown god.
  5259 | D:3      | Found a hazy altar of Hepliaklqana.
  5261 | D:3      | Found a bloodstained altar of Trog.
  5261 | D:3      | Found a glowing silver altar of Zin.
  5261 | D:3      | Found an opulent altar of Gozag.
  5263 | D:3      | Found a glowing golden altar of the Shining One.
  5264 | D:3      | Found a snail-covered altar of Cheibriados.
  5265 | D:3      | Found a shattered altar of Ashenzari.
  5266 | D:3      | Found a burning altar of Makhleb.
  5721 | D:4      | Reached XP level 6. HP: 46/46 MP: 7/10
  6015 | D:5      | Entered Level 5 of the Dungeon
  6637 | D:4      | Gained mutation: You have hoof-like feet. [demonic ancestry]
  6637 | D:4      | Reached XP level 7. HP: 34/52 MP: 7/12
  7010 | D:4      | Noticed Edmund
  7166 | D:4      | Killed Edmund
  7412 | D:4      | Reached skill level 1 in Unarmed Combat
  8482 | D:1      | Killed Sigmund
  8883 | D:5      | Gained mutation: You have very sharp fingernails. [demonic ancestry]
  8883 | D:5      | Reached XP level 8. HP: 30/60 MP: 11/14
  9205 | D:5      | Noticed Menkaure
  9206 | D:5      | Gained mutation: You occasionally shout uncontrollably at your foes. [potion of mutation]
  9206 | D:5      | Gained mutation: You have supernaturally acute eyesight. (SInv) [potion of mutation]
  9211 | D:5      | Killed Menkaure
  9653 | D:6      | Reached skill level 1 in Shields
 12376 | D:7      | Gained mutation: You are partially covered in sharp spines. [demonic ancestry]
 12376 | D:7      | Reached XP level 9. HP: 66/66 MP: 11/15
 12502 | D:7      | Found a staircase to the Ecumenical Temple.
 12530 | D:7      | Noticed Joseph
 12665 | D:7      | Killed Joseph
 12885 | Temple   | Entered the Ecumenical Temple
 13144 | Temple   | Became a worshipper of Kikubaaqudgha
 13249 | D:7      | Reached skill level 5 in Spellcasting
 13316 | D:7      | Found a deep blue altar of Sif Muna.
 13345 | D:7      | Reached skill level 5 in Fighting
 13838 | D:7      | Noticed Pikel
 13861 | D:7      | Killed Pikel
 13861 | D:7      | Reached skill level 5 in Summonings
 14110 | D:7      | Reached skill level 5 in Dodging
 14676 | D:8      | Noticed a two-headed ogre
 14678 | D:8      | Reached skill level 5 in Unarmed Combat
 14678 | D:8      | Reached XP level 10. HP: 79/79 MP: 17/20
 14685 | D:8      | Noticed MirrMurr's ghost (novice DDFi)
 14694 | D:8      | Killed a two-headed ogre
 14694 | D:8      | Reached XP level 11. HP: 44/84 MP: 21/21
 14698 | D:8      | Reached * piety under Kikubaaqudgha
 14698 | D:8      | Identified Kikubaaqudgha's Incunabulum of Stolen Souls (Kikubaaqudgha gifted it to you on level 8 of the Dungeon)
 14698 | D:8      | Received a gift from Kikubaaqudgha
 14709 | D:8      | HP: 1/84 [orc priest/divine providence (13)]
 14731 | D:9      | HP: 4/84 [centaur skeleton (3)]
 15012 | D:8      | Found a bloodstained altar of Trog.
 15015 | D:8      | Noticed a two-headed ogre
 15025 | D:8      | Killed a two-headed ogre
 15256 | D:8      | Noticed Prince Ribbit
 15481 | D:8      | Killed Prince Ribbit
 16413 | D:9      | Noticed Erica
 16427 | D:9      | Killed Erica
 16703 | D:8      | Killed MirrMurr's ghost
 16908 | D:9      | Reached ** piety under Kikubaaqudgha
 17536 | D:9      | Learned a level 3 spell: Regeneration
 17537 | D:10     | Entered Level 10 of the Dungeon
 17581 | D:10     | Paralysed by a hornet for 2 turns
 17584 | D:10     | Paralysed by a hornet for 2 turns
 17591 | D:10     | Slain by a hornet

Skill      XL: |  1  2  3  4  5  6  7  8  9 10 11 |
---------------+----------------------------------+-----
Fighting       | 1 2 3 4 7 8 |  8.1
Dodging        | 1 2 3 4 6 7 |  7.4
Stealth        | 2 3 4 |  4.0
Summonings     | 1 2 3 4 7 8 |  8.0
Spellcasting   | 3 4 7 |  7.8
Unarmed Combat | 1 2 5 6 |  6.7
Shields        | 4 |  4.5
Throwing       | |  1.0
Conjurations   | |  4.0
Earth Magic    | |  1.7

Action                   |  1- 3 |  4- 6 |  7- 9 | 10-12 || total
-------------------------+-------+-------+-------+-------++-------
Melee: Club              |    12 |       |       |       ||    12
       Kick              |     1 |       |       |       ||     1
       Spear             |     4 |       |       |       ||     4
       Dagger            |     3 |    40 |       |       ||    43
       Short sword       |       |    88 |   261 |   164 ||   513
 Cast: Magic Dart        |    63 |    66 |    46 |     3 ||   178
       Call Imp          |       |    20 |   127 |    83 ||   230
       Blink             |       |       |     1 |     2 ||     3
Evoke: Wand              |       |       |    17 |    19 ||    36
  Use: Scroll            |     3 |     4 |     9 |     7 ||    23
       Potion            |     1 |       |     7 |     5 ||    13
 Stab: Sleeping          |       |     2 |     3 |       ||     5
       Distracted        |       |       |     2 |     4 ||     6
       Paralysed         |       |       |       |     5 ||     5
  Eat: Chunk             |     6 |    11 |    21 |     6 ||    44
       Ration            |       |     1 |     5 |     1 ||     7
Armor: Robe              |    15 |    39 |    39 |    13 ||   106
Dodge: Dodged            |    31 |   147 |   245 |   109 ||   532
Block: Buckler           |       |       |    35 |    41 ||    76
